 Dungeon Crawl Stone Soup version 0.31-b1-18-g61460d1e46 (webtiles) character file.

Game seed: 17543824370046937761

62 groovy9 the Conjurer (level 3, -5/19 HPs)
             Began as a Deep Elf Conjurer on Jan 16, 2024.
             Slain by Sigmund
             ... wielding a +0 scythe
              (8 damage)
             ... on level 2 of the Dungeon.
             The game lasted 00:03:49 (1827 turns).

groovy9 the Conjurer (Deep Elf Conjurer)            Turns: 1827, Time: 00:03:49

Health: -5/19      AC:  3    Str:  4    XL:     3   Next: 85%
Magic:  6/10       EV: 12    Int: 24    God:
Gold:   131        SH:  0    Dex: 13    Spells: 7/10 levels left

rFire   . . .        e - +0 dagger
rCold   . . .        (no shield)
rNeg    . . .        a - +0 robe
rPois   .            (no helmet)
rElec   .            (no cloak)
rCorr   .            (no gloves)
SInv    .            g - +0 pair of boots
Will    .....        (no amulet)
Stlth   +            (no ring)
HPRegen 0.23/turn    (no ring)
MPRegen 0.12/turn

%: no passive effects
@: confused
A: no striking features
a: no special abilities


You were on level 2 of the Dungeon.
You visited 1 branch of the dungeon, and saw 2 of its levels.

You collected 131 gold pieces.

Inventory:

Hand Weapons
 e - a +0 dagger (weapon)
Armour
 a - a +0 robe (worn)
 g - a +0 pair of boots (worn)
Scrolls
 d - 2 scrolls of teleportation {unknown}
 f - 2 scrolls of identify {unknown}
 h - a scroll of amnesia {unknown}
 i - a scroll of enchant armour {unknown}
Potions
 b - a potion of magic
 c - a potion of might {unknown}
 j - a potion of heal wounds {unknown}
 k - a potion of haste {unknown}


   Skills:
 - Level 2.4 Dodging
 - Level 2.4 Stealth
 + Level 4.1 Spellcasting
 * Level 5.5 Conjurations


You had 7 spell levels left.
You knew the following spells:

 Your Spells              Type           Power      Damage    Failure   Level
a - Magic Dart            Conj           100%       1d8       1%          1
b - Searing Ray           Conj           62%        2d6       1%          2

Your spell library contained the following spells:

 Spells                   Type           Power      Damage    Failure   Level
 Sublimation of Blood     Necr           4%         N/A       14%         2
 Call Canine Familiar     Summ           4%         N/A       28%         3
 Sigil of Binding         Hex            4%         N/A       28%         3
 Fulminant Prism          Conj/Alch      9%         3d6       30%         4
 Iskenderun's Mystic Bla  Conj/Tloc      18%        2d6       30%         4
 Irradiate                Conj/Alch      9%         3d14      65%         5
 Dimensional Bullseye     Hex/Tloc       2%         N/A       67%         4
 Petrify                  Alch/Erth      4%         N/A       67%         4


Dungeon Overview and Level Annotations

Branches:
Dungeon (2/15)

Altars:

Annotations:
D:2 Sigmund


Message History

You see here a frilled lizard corpse.
You see here a frilled lizard corpse.
You see here a frilled lizard corpse.
A bat comes into view.
Casting: Magic Dart (safe; 1% risk of failure)
Confirm with . or Enter, or press ? or * to list all spells.
Aiming: Magic Dart (safe; 1% risk of failure)
Press: ? - help, Shift-Dir - straight line, f - bat
Aim: a bat (wandering, hasn't noticed you, 100% to hit)
The magic dart hits the bat.
You kill the bat!
Sigmund the Dreaded comes into view.
He is wielding a +0 scythe and wearing a +1 robe of positive energy.
Sigmund shouts!
Sigmund gestures at you while chanting. The puff of flame hits you.
Okay, then.
Casting: Magic Dart (safe; 1% risk of failure)
Confirm with . or Enter, or press ? or * to list all spells.
Aiming: Searing Ray (safe; 1% risk of failure)
Press: ? - help, Shift-Dir - straight line, f - Sigmund
Aim: Sigmund, wielding a +0 scythe and wearing a +1 robe of positive energy (77% to hit)
The searing ray hits Sigmund.
Sigmund is moderately wounded. (Press . to maintain the ray.) Sigmund points at you and mumbles some strange words.
The puff of flame hits you!
Ouch! That really hurt!
* * * LOW HITPOINT WARNING * * *
The searing ray misses Sigmund.
The searing ray hits Sigmund!
Sigmund is heavily wounded.
Sigmund points at you and mumbles some strange words.
You are confused.
Sigmund hits you from afar with a +0 scythe.
* * * LOW HITPOINT WARNING * * *
You're too confused to cast spells.
You bump into the rock wall.
Sigmund hits you from afar with a +0 scythe!
You die...
Sigmund begins carving another notch in his scythe.

............# #........
...........## #.#.....
....#.......## ###...#
###########..#####....# #
##.......#.## # ###..####.#
### ##..@# #.# ....
#..#.####.#
###..#######.##.@.##.# #
#......##.####.##.# #
######.##.####..#.# #
#.......##.#.## #
##...##.##....# #####
####.####.......#
....###...............#######
......(.....................#
....###..........##......####


You could see Sigmund.

Vanquished Creatures
  An adder (D:2)
  2 dart slugs
  A ribbon worm (D:2)
  A bat (D:2)
  3 endoplasms (D:1)
  2 giant cockroaches (D:1)
  5 goblins
  5 hobgoblins
  A kobold (D:1)
  3 quokkas
  8 ball pythons
  2 frilled lizards (D:2)
  13 rats
47 creatures vanquished.

Notes
Turn   | Place    | Note
-------+----------+-------------------------------------------
     0 | D:1      | groovy9 the Deep Elf Conjurer began the quest for the Orb.
     0 | D:1      | Reached XP level 1. HP: 10/10 MP: 6/6
     1 | D:1      | Found a faded altar of an unknown god.
   160 | D:1      | Reached XP level 2. HP: 15/15 MP: 2/8
   163 | D:1      | Learned a level 2 spell: Searing Ray
   500 | D:1      | Reached skill level 5 in Conjurations
   824 | D:1      | Reached XP level 3. HP: 19/19 MP: 6/10
  1808 | D:2      | Noticed Sigmund
  1827 | D:2      | Slain by Sigmund

Illustrated notes

Levels and vault maps discovered:
D:1:      minmay_arrival_loop, layout_basic, ebering_ecumenical_altar_rust,
          dreamdust_wishing_well, roderic_roman_lattice, minmay_rat_gold_closets
D:2:      layout_rooms, chequers_hall_statues_y, st_stairs_10, uniq_sigmund

Skill      XL: |  1  2  3 |
---------------+----------+-----
Conjurations   | 5 |  5.5
Spellcasting   | 4 |  4.1
Dodging        | |  2.4
Stealth        | |  2.4

Action                     || total
---------------------------++-------
  Melee: Unarmed           ||     8
   Cast: Magic Dart        ||    57
         Searing Ray       ||    20
 Armour: Robe              ||     6
  Dodge: Dodged            ||     9
